 Dungeon Crawl Stone Soup version 0.29.1-2-gbd0b4ee654 (webtiles) character file.

Game seed: 3869794488925885324

219 KittyFluff the Cudgeller (level 5, 0/33 HPs)
             Began as a Gargoyle Berserker on Oct 27, 2022.
             Was a Believer of Trog.
             Constricted to death by a starspawn tentacle (3 damage)
             ... attached to a tentacled starspawn
             ... on level 1 of the Abyss.
             The game lasted 00:22:40 (4360 turns).

KittyFluff the Cudgeller (Gargoyle Berserker)       Turns: 4360, Time: 00:22:41

Health: 0/33       AC:  7    Str: 21    XL:     5   Next: 96%
Magic:  5/5        EV:  8    Int:  7    God:    Trog [**....]
Gold:   221        SH:  3    Dex: 11    Spells: 4/4 levels left

rFire   . . .      SeeInvis .   a - +0 mace
rCold   . . .      Faith    .   w - +0 buckler
rNeg    + . .      Spirit   .   u - +0 robe
rPois   ∞          Reflect  .   y - +0 helmet
rElec   +          Harm     .   (no cloak)
rCorr   .          Rampage  .   (no gloves)
Will    .....                   (no boots)
Stlth   +.........              (no amulet)
HPRegen 0.11/turn               n - ring of flight
MPRegen 0.09/turn               (no ring)

@: about to teleport, flying, constricted
A: sickness immunity, AC +4, negative energy resistance 1, electricity
resistance, torment resistance 1, petrification resistance
a: Renounce Religion, Berserk, Trog's Hand


You were on level 1 of the Abyss.
You worshipped Trog.
Trog was pleased with you.
You visited 1 branch of the dungeon, and saw 4 of its levels.
You visited the Abyss 1 time.

You collected 221 gold pieces.

Inventory:

Hand Weapons
 a - a +0 mace (weapon)
 C - a +0 morningstar
Missiles
 d - 4 poisoned darts
 i - 4 boomerangs (quivered)
 o - a throwing net
Armour
 h - a +0 leather armour
 u - a +0 robe (worn)
 v - the +1 robe of Surprise {rF- Int+7 Stlth+}
   (You found it on level 3 of the Dungeon)

   Int:       It affects your intelligence (+7).
   rF:        It makes you vulnerable to fire.
   Stlth:     It makes you more stealthy.
 w - a +0 buckler (worn)
 y - a +0 helmet (worn)
Jewellery
 b - an amulet of magic regeneration
 n - a ring of flight (left hand)
Scrolls
 e - a scroll of torment {unknown}
 f - a scroll of immolation {unknown}
 g - 2 scrolls of teleportation
 l - a scroll of acquirement {unknown}
 p - 2 scrolls of enchant armour {unknown}
 s - a scroll of amnesia {unknown}
 t - a scroll of blinking {unknown}
 x - a scroll of fear {unknown}
 B - a scroll of enchant weapon {unknown}
 D - a scroll of noise {unknown}
Potions
 c - a potion of magic
 j - 4 potions of curing
 k - 3 potions of invisibility
 m - a potion of might {unknown}
 q - a potion of flight {unknown}
 r - a potion of mutation {unknown}
 z - a potion of haste {unknown}
 A - a potion of attraction {unknown}


   Skills:
 + Level 4.0 Fighting
 + Level 4.7 Maces & Flails
 * Level 3.4 Armour
 + Level 2.4 Dodging
 + Level 0.7 Stealth
 * Level 1.1 Shields


You had 4 spell levels left.
You didn't know any spells.
Your spell library was empty.

Dungeon Overview and Level Annotations

Branches:
Dungeon (4/15)
 Temple: D:4-7

Altars:
Uskayaw

Shops:
D:4 *


Innate Abilities, Weirdness & Mutations

You are immune to sickness and miasma.
Your stone body is resilient. (AC +4)
You are immune to poison.
You resist negative energy. (rN+)
You are resistant to electric shocks. (rElec)
You are resistant to unholy torment.
You are immune to petrification.


Message History

Throw: 4 boomerangs
Press: ? - help, Q - select action, (/) - cycle Shift-Dir - straight line, f/p - orc
Aim: an orc, wielding a +2 dagger of distortion and wearing a +0 scale mail (61% to hit)
You throw a boomerang.
The boomerang hits the orc but does no damage.
An orc comes into view. It is wielding a +0 dagger.
Throw: 4 boomerangs
Press: ? - help, Q - select action, (/) - cycle Shift-Dir - straight line, f/p - orc
Aim: an orc, wielding a +2 dagger of distortion and wearing a +0 scale mail (61% to hit)
You throw a boomerang. The boomerang closely misses the orc.
The orc shouts!
You barely miss the orc. The orc hits you but does no damage.
You are cast into the Abyss!
This branch contains the abyssal rune of Zot.
Found a corrupted altar of Lugonu.
A tentacled starspawn comes into view.
A thrashing horror comes into view.
A tentacle flies out from the starspawn's body!
A starspawn tentacle comes into view.
As you read the scroll labelled URPHIU TEMAATS, it crumbles to dust.
You feel strangely unstable.
You feel the power of the Abyss delaying your translocation!
It was a scroll of teleportation.
You sock the tentacled starspawn!
The tentacled starspawn is lightly damaged.
Tentacles burst from the starspawn's body! 2 starspawn tentacles come into view.
You hit the tentacled starspawn.
The tentacled starspawn is lightly damaged.
The tentacled starspawn barely misses you.
The tentacled starspawn tentacle-slaps you!
The starspawn tentacle grabs you. The starspawn tentacle constricts you.
You hit the tentacled starspawn but do no damage.
The starspawn tentacle loses its grip on you.
The tentacled starspawn is lightly damaged.
The tentacled starspawn bites you!!
Ouch! That really hurt!
* * * LOW HITPOINT WARNING * * *
The tentacled starspawn tentacle-slaps you but does no damage.
The starspawn tentacle grabs you. The starspawn tentacle constricts you.
You die...

##. .# .#. ##
###
#..........#....
#.. # .....#####
####.## .# . .#
#.. ...# .. .
### .# # ## ..
##.# #w. # ## #X
###w## # ##@X#.#
#.#w# # #######


You could see a tentacled starspawn and 2 starspawn tentacles.

Vanquished Creatures
  An iguana (D:4)
  An orc wizard (D:4)
  6 adders
  2 worms
  4 dart slugs
  10 orcs
  6 ball pythons
  9 bats
  10 endoplasms
  2 giant cockroaches (D:3)
  8 goblins
  13 hobgoblins
  2 jackals (D:4)
  3 quokkas
  A frilled lizard (D:2)
  5 kobolds
  2 rats
85 creatures vanquished.

Vanquished Creatures (others)
  A plant (D:2)
  2 starspawn tentacles (Abyss:1)
  A withered plant (D:2)
4 creatures vanquished.

Grand Total: 89 creatures vanquished

Notes
Turn   | Place    | Note
-------+----------+-------------------------------------------
     0 | D:1      | KittyFluff the Gargoyle Berserker began the quest for the
                  | Orb.
     0 | D:1      | Reached XP level 1. HP: 14/14 MP: 1/1
   401 | D:1      | Reached XP level 2. HP: 15/19 MP: 2/2
   921 | D:2      | Reached XP level 3. HP: 22/23 MP: 3/3
   932 | D:2      | Found a faded altar of an unknown god.
  1260 | D:2      | Reached ** piety under Trog
  1462 | D:2      | Reached XP level 4. HP: 19/28 MP: 4/4
  2798 | D:3      | Identified the +1 robe of Surprise {rF- Int+7 Stlth+}
  3260 | D:3      | Reached XP level 5. HP: 32/33 MP: 5/5
  3481 | D:4      | Found a hide-covered altar of Uskayaw.
  3633 | D:4      | Reached skill level 1 in Shields
  4180 | D:4      | Found Hugunut's Assorted Antiques.
  4287 | Abyss:1  | Cast into level 1 of the Abyss (orc)
  4295 | Abyss:1  | Noticed a large abomination
  4305 | Abyss:1  | Noticed a tentacled starspawn
  4308 | Abyss:1  | Found a corrupted altar of Lugonu.
  4336 | Abyss:1  | Noticed a tentacled starspawn
  4336 | Abyss:1  | Noticed a thrashing horror
  4360 | Abyss:1  | Constricted to death by a starspawn tentacle

Illustrated notes

Levels and vault maps discovered:
D:1:      reono_arrival_forest_river, layout_loops_ring,
          amcnicky_mini_rare_corridor_liquid, minmay_pentomino_t2
D:2:      kennysheep_six_static_rooms, layout_loops_ring,
          shapermc_ecumenical_altar_gd, corexii_item_surrounded_by_moat
D:3:      layout_basic
D:4:      minmay_general_purpose_star, layout_gridville,
          eat_drink_and_be_merry_uskayaw, serial_shops, shop,
          amcnicky_mini_corridor_feature, minmay_misc_feat_rugged
Abyss:1:  base: D:2, hangedman_eye_storm

Skill      XL: |  1  2  3  4  5 |
---------------+----------------+-----
Armour         | 3 |  3.4
Maces & Flails | 4 |  4.7
Dodging        | 2 |  2.4
Shields        | 1 |  1.1
Fighting       | 4 |  4.0
Stealth        | |  0.7

Action                   |  1- 3 |  4- 6 || total
-------------------------+-------+-------++-------
Melee: Mace              |   104 |   161 ||   265
       Punch             |     1 |       ||     1
Throw: Boomerang         |       |     6 ||     6
Invok: Berserk           |       |     2 ||     2
  Use: Scroll            |       |     5 ||     5
 Stab: Distracted        |     1 |       ||     1
Armor: Animal skin       |    38 |    17 ||    55
       Robe              |       |    46 ||    46
Dodge: Dodged            |    71 |    91 ||   162
Block: Buckler           |       |    10 ||    10
